 Dungeon Crawl Stone Soup version 0.18-b1-22-ge198996 (webtiles) character file.

110 oplop the Poker (level 4, -2/35 HPs)
             Began as a Merfolk Gladiator on May 4, 2016.
             Slain by an orc priest
             ... wielding a +0 flail
              (3 damage)
             ... on level 3 of the Dungeon.
             The game lasted 00:03:08 (1858 turns).

oplop the Poker (Merfolk Gladiator)                 Turns: 1858, Time: 00:03:09

Health: -2/35      AC:  4    Str: 15    XL:     4   Next: 91%
Magic:  4/4        EV: 14    Int: 12    God:
Gold:   72         SH:  0    Dex: 15    Spells: 0 memorised, 3 levels left

rFire  . . .     SeeInvis .     a - +0 trident
rCold  . . .     Gourm    .     b - +0 leather armour
rNeg   . . .     Faith    .     (no shield)
rPois  .         Spirit   .     c - +0 helmet
rElec  .         Dismiss  .     (no cloak)
rCorr  .         Reflect  .     (no gloves)
SustAt .         Harm     .     (no boots)
MR     .....                    (no amulet)
Stlth  +.........               (no ring)
                                (no ring)

@: brilliant, not resistant to hostile enchantments, very unstealthy
A: change form in water, swift swim
a: no special abilities


You were on level 3 of the Dungeon.
You were not hungry.

You visited 1 branch of the dungeon, and saw 3 of its levels.

You collected 72 gold pieces.

Inventory:

Hand Weapons
 a - a +0 trident (weapon)
Missiles
 d - 3 throwing nets (quivered)
Armour
 b - a +0 leather armour (worn)
 c - a +0 helmet (worn)
Scrolls
 e - a scroll of blinking {unknown}
 g - a scroll of remove curse {unknown}
 h - 3 scrolls of magic mapping {unknown}
 j - 2 scrolls of fear {unknown}
 o - a scroll of random uselessness {unknown}
Potions
 i - a potion of brilliance
 m - a potion of might {unknown}
 n - a potion of agility {unknown}
 p - a potion of flight {unknown}
Comestibles
 f - 2 bread rations
 l - a meat ration


   Skills:
 + Level 3.2 Fighting
 + Level 5.3 Polearms
 + Level 2.8 Throwing
 + Level 5.2 Dodging


You had 3 spell levels left.
You didn't know any spells.

Dungeon Overview and Level Annotations

Branches:
Dungeon (3/15)

Altars:
Dithmenos
Nemelex Xobeh


Message History

You barely miss the orc priest.
You feel sick. The orc priest closely misses you.
You closely miss the orc priest. The orc priest hits you with a flail.
* * * LOW HITPOINT WARNING * * *
You barely miss the orc priest. The orc priest misses you.
Drink which item? (? for menu, Esc to quit)
It was a potion of brilliance.
You feel clever all of a sudden.
Drink which item? (? for menu, Esc to quit)
It was a potion of curing.
You feel better. The orc priest hits you with a flail.
You hit the orc priest.
The orc priest is moderately wounded.
The orc priest calls down the wrath of Beogh upon you.
Beogh smites you!
* * * LOW HITPOINT WARNING * * *
You closely miss the orc priest.
The orc priest is moderately wounded.
The orc priest hits you with a flail.
You die...

### ##.########
##.#.......# ####
##@###.####.####...
#o## ##....{.o.....
##{###.####.##.....
##o#.## #.###....
##.######_# ##...
#........# #.##
#.######## #.# #.#
#+## #.# #####
##...#


You could see an orc priest.

Vanquished Creatures
  An orc wizard (D:3)
  A gnoll (D:3)
  3 adders
  An ooze (D:2)
  A worm (D:2)
  A giant gecko (D:1)
  An orc (D:3)
  2 giant cockroaches (D:2)
  5 goblins
  5 hobgoblins
  3 jackals
  3 kobolds
  2 ball pythons
  5 bats
  2 giant newts
  9 rats
45 creatures vanquished.

Notes
Turn   | Place    | Note
--------------------------------------------------------------
     0 | D:1      | oplop the Merfolk Gladiator began the quest for the Orb.
     0 | D:1      | Reached XP level 1. HP: 16/16 MP: 1/1
   398 | D:1      | Reached XP level 2. HP: 23/23 MP: 2/2
   882 | D:2      | Reached XP level 3. HP: 28/28 MP: 3/3
  1095 | D:2      | Found a shadowy altar of Dithmenos.
  1099 | D:2      | Reached skill level 5 in Polearms
  1409 | D:2      | Reached XP level 4. HP: 18/34 MP: 4/4
  1782 | D:3      | Found a sparkling altar of Nemelex Xobeh.
  1833 | D:3      | Reached skill level 5 in Dodging
  1857 | D:3      | HP: 1/35 [orc priest/divine providence (12)]
  1858 | D:3      | Slain by an orc priest

Skill      XL: |  1  2  3  4 |
---------------+-------------+-----
Polearms       | 5 |  5.3
Fighting       | 3 |  3.2
Dodging        | 5 |  5.2
Throwing       | |  2.8

Action                   |  1- 3 |  4- 6 || total
-------------------------+-------+-------++-------
Melee: Trident           |    73 |    55 ||   128
  Use: Potion            |       |     2 ||     2
 Stab: Sleeping          |     1 |       ||     1
  Eat: Chunk             |     2 |     1 ||     3
Armor: Leather armour    |     9 |    16 ||    25
Dodge: Dodged            |    33 |    29 ||    62
